 Dungeon Crawl Stone Soup version 0.27.1-15-g792fb953b9 (webtiles) character file.

Game seed: 17683365865075152146

59 Araneus the Cudgeller (level 3, 0/29 HPs)
             Began as a Demonspawn Fighter on Nov 20, 2021.
             Slain by a goblin (5 damage)
             ... led by Robin
             ... on level 2 of the Dungeon.
             The game lasted 00:02:09 (1860 turns).

Araneus the Cudgeller (Demonspawn Fighter)          Turns: 1860, Time: 00:02:09

Health: 0/29       AC:  6    Str: 17    XL:     3   Next: 78%
Magic:  3/3        EV:  6    Int:  9    God:
Gold:   58         SH:  8    Dex: 12    Spells: 2/2 levels left

rFire    . . .     SeeInvis .   a - +0 flail
rCold    . . .     Faith    .   c - +0 kite shield
rNeg     . . .     Spirit   .   b - +0 scale mail
rPois    .         Reflect  .   (no helmet)
rElec    .         Harm     .   (no cloak)
rCorr    .         Rampage  .   (no gloves)
Will     .....                  (no boots)
Stlth    ..........             (no amulet)
HPRegen  0.09/turn              (no ring)
MPRegen  0.16/turn              (no ring)

@: no status effects
A: magic regeneration, condensation shield
a: no special abilities


You were on level 2 of the Dungeon.
You visited 1 branch of the dungeon, and saw 2 of its levels.

You collected 58 gold pieces.

Inventory:

Hand Weapons
 a - a +0 flail (weapon)
Missiles
 h - 11 poisoned darts (quivered)
Armour
 b - a +0 scale mail (worn)
 c - a +0 kite shield (worn)
Scrolls
 e - 2 scrolls of immolation
 i - a scroll of teleportation {unknown}
 j - a scroll of blinking {unknown}
Potions
 d - a potion of might
 f - a potion of resistance {unknown}
 g - a potion of curing {unknown}


   Skills:
 - Level 3.0 Fighting
 + Level 3.8 Maces & Flails
 - Level 2.6 Armour
 - Level 2.6 Shields


You had 2 spell levels left.
You didn't know any spells.
Your spell library was empty.

Dungeon Overview and Level Annotations

Branches:
Dungeon (2/15)

Altars:

Annotations:
D:2 Robin


Innate Abilities, Weirdness & Mutations

You regenerate magic rapidly.
A meltable shield of frost defends you. (SH +0)


Message History

You are too injured to fight recklessly!
The goblin shouts!
You hit the goblin.
You kill the goblin!
The goblin hits you but does no damage. The goblin hits you with a +0 dagger.
You block the goblin's attack.
A goblin comes into view. It is wielding a +0 dagger.
The goblin shouts!
Robin roars a battlecry!
The goblin goes into a battle-frenzy!
Things that are here:
a +0 club; a goblin corpse You sock the goblin!
You kill the goblin!
The goblin hits you with a +0 dagger. You block the goblin's attack.
You hit the goblin.
You kill the goblin!
Robin throws the goblin at you! The goblin barely misses you.
You block the goblin's attack.
Robin roars a battlecry!
You block the goblin's attack.
You closely miss the goblin. You block the goblin's attack.
The goblin hits you with a +0 dagger. x2
* * * LOW HITPOINT WARNING * * *
You sock the goblin!
You kill the goblin!
The goblin no longer looks unusually strong.
You block the goblin's attack.
You hit Robin.
Robin is lightly wounded.
You block the goblin's attack.
Robin hits you with a +1 short sword of flaming.
* * * LOW HITPOINT WARNING * * *
Your condensation shield dissipates!
Robin burns you.
* * * LOW HITPOINT WARNING * * *
Robin roars a battlecry!
The goblins go into a battle-frenzy!
You barely miss the goblin. The goblin hits you with a +0 dagger.
You die...

# ##### ## #.g#####...#
.. ..rgg.).g..# .. .#
#.g#####ggr# #.# ##g##
#.# ... ######@##
####.## ###
#.......###.....#### ##
#.#......##.##..... ..
#.#.##...##.##..#### #.
#[#......##........# #.
#.#..##..##.##.†#..# #.
#.#..[....#....†#..# #.
#.....†...#.##.#...###.
.......................


You could see Robin, 3 goblins and a rat.

Vanquished Creatures
  A worm (D:2)
  2 dart slugs (D:1)
  2 bats (D:1)
  4 endoplasms (D:1)
  3 giant cockroaches
  10 goblins
  7 hobgoblins
  3 kobolds (D:1)
  2 quokkas (D:1)
  5 ball pythons
  4 frilled lizards
43 creatures vanquished.

Notes
Turn   | Place    | Note
-------+----------+-------------------------------------------
     0 | D:1      | Araneus the Demonspawn Fighter began the quest for the Orb.
     0 | D:1      | Reached XP level 1. HP: 18/18 MP: 1/1
   337 | D:1      | Gained mutation: You regenerate magic rapidly. [demonic
                  | ancestry]
   337 | D:1      | Reached XP level 2. HP: 24/24 MP: 2/2
   454 | D:1      | Found a faded altar of an unknown god.
   479 | D:1      | HP: 1/24 [frilled lizard (1)]
  1102 | D:1      | Gained mutation: A meltable shield of frost defends you.
                  | (SH +0) [demonic ancestry]
  1102 | D:1      | Reached XP level 3. HP: 27/29 MP: 3/3
  1843 | D:2      | Noticed Robin
  1860 | D:2      | Slain by a goblin

Illustrated notes

Levels and vault maps discovered:
D:1:      dpeg_arrival_rooms_b, layout_basic, hellmonk_ecumenical_altar_blasted,
          nrook_uturn, serial_park_tiny_pond
D:2:      layout_loops_corners, basic_altar, chequers_serial_rivers_large_a,
          uniq_robin, uniq_natasha

Skill      XL: |  1  2 |
---------------+-------+-----
Maces & Flails | 2 3 |  3.8
Fighting       | |  3.0
Armour         | |  2.6
Shields        | |  2.6

Action                   || total
-------------------------++-------
Melee: Flail             ||   147
Armor: Scale mail        ||    66
Dodge: Dodged            ||    31
Block: Kite shield       ||    95
